 Dungeon Sprint DCSS version 0.27-a0-1347-gd8886f0a89 (webtiles) character file.

Game seed: 6600551966117369005

5914 mhtbhm the Eclecticist (level 10, -8/51 HPs)
             Began as a Deep Elf Earth Elementalist on June 28, 2021.
             Was a High Priest of Vehumet.
             Mangled by Agnes (49 damage)
             ... in the Dungeon (Sprint IV: "Fedhas' Mad Dash").
             The game lasted 00:05:53 (3506 turns).

mhtbhm the Eclecticist (DEEE)                       Turns: 3506, Time: 00:05:54

Health: -8/51      AC:  5    Str:  8    XL:     10   Next: 53%
Magic:  15/35      EV: 18    Int: 26    God:    Vehumet [*****.]
Gold:   277        SH:  0    Dex: 15    Spells: 22/48 levels left

rFire    . . .     SeeInvis .   j - +1 short sword (freeze)
rCold    . . .     Faith    .   (no shield)
rNeg     + + .     Spirit   .   b - +0 robe
rPois    .         Reflect  .   (no helmet)
rElec    +         Harm     .   (no cloak)
rCorr    .         Rampage  .   m - +2 pair of gloves {Str+3}
Will     +....     NoTele   +   (no boots)
Stlth    +++.......             a - amulet of invisibility {+Inv}
HPRegen  0.17/turn              n - ring of Jigati {*Corrode rElec rN++ EV+4 Int+2}
MPRegen  0.24/turn              (no ring)

@: hasted, very quick
A: no striking features
a: Renounce Religion, Evoke Invisibility


You were in the Dungeon.
You worshipped Vehumet.
Vehumet was extremely pleased with you.
You visited 1 branch You collected 277 gold pieces.

Inventory:

Hand Weapons
 j - a +1 short sword of freezing (weapon)
Missiles
 i - 48 stones
Armour
 b - a +0 robe (worn)
 m - a +2 pair of gloves of strength (worn)
Jewellery
 a - the amulet of invisibility (around neck) {+Inv}
   (You found it in the Dungeon)

   [amulet of nothing]

   +Inv:      It lets you turn invisible.
 n - the ring of Jigati (left hand) {*Corrode rElec rN++ EV+4 Int+2}
   (You found it in the Dungeon)

   [ring of evasion]

   EV:        It affects your evasion (+4).
   Int:       It affects your intelligence (+2).
   rElec:     It insulates you from electricity.
   rN:        It greatly protects you from negative energy.
   *Corrode:  It may corrode you when you take damage.
Scrolls
 h - a scroll of blinking
 k - a scroll of silence {unknown}
 l - a scroll of identify {unknown}
 o - a scroll of torment {unknown}
 p - a scroll of immolation {unknown}
Potions
 c - a potion of curing
 d - a potion of heal wounds
 f - 2 potions of magic
 g - a potion of berserk rage


   Skills:
 + Level 0.4 Fighting
 + Level 1.0 Short Blades
 + Level 5.5 Dodging
 + Level 4.8 Stealth
 + Level 19.7 Spellcasting
 + Level 2.4 Transmutations
 + Level 17.5 Earth Magic
 + Level 8.1 Evocations


You had 22 spell levels left.
You knew the following spells:

 Your Spells              Type           Power      Damage    Failure   Level
a - Sandblast             Erth           100%       2d20      0%          1
b - Passwall              Tmut/Erth      55%        N/A       1%          2
c - Stone Arrow           Conj/Erth      100%       3d13      1%          3
d - Lee's Rapid Deconstr  Erth           43%        3d22*     1%          5
e - Petrify               Tmut/Erth      67%        N/A       1%          4
f - Bolt of Magma         Conj/Fire/Erth 27%        4d13      1%          5
g - Eringya's Noxious Bo  Tmut/Pois      15%        N/A       36%         6

Your spell library contained the following spells:

 Spells                   Type           Power      Damage    Failure   Level
 Corona                   Hex            27%        N/A       1%          1
 Dazzling Flash           Conj/Hex       50%        N/A       1%          3
 Ensorcelled Hibernation  Hex/Ice        50%        N/A       2%          2
 Confusing Touch          Hex            25%        N/A       4%          3
 Tukima's Dance           Hex            25%        N/A       4%          3


Dungeon Overview and Level Annotations

Branches:
Dungeon (1/1)

Altars:
Cheibriados
Dithmenos
Elyvilon
Gozag
Hepliaklqana
Kikubaaqudgha
Makhleb
Nemelex Xobeh
Okawaru
Qazlal
Ru
Sif Muna
Trog
Uskayaw
Vehumet
Wu Jian
Xom
Yredelemnul
Zin
The Shining One
Beogh
Jiyva
Lugonu

Shops:
D =(:[*(

Annotations:
D Agnes


Message History

Aiming: Lee's Rapid Deconstruction (safe; 1% risk of failure)
Press: ? - help, Dir - move target, f - Agnes Fragment what (e.g. wall or brittle monster)?: Agnes, wielding a +0 lajatang and wearing a +0 robe An open door.
The stone door frame shatters!
The blast of rock fragments hits Agnes!!!
Agnes is moderately wounded.
Unknown command.
Casting: Lee's Rapid Deconstruction (safe; 1% risk of failure)
Confirm with . or Enter, or press ? or * to list all spells.
Aiming: Lee's Rapid Deconstruction (safe; 1% risk of failure)
Press: ? - help, Dir - move target, p - Agnes A stone wall.
The wall shatters!
The blast of rock fragments hits Agnes!
Agnes is heavily wounded.
Agnes drinks a potion.
Agnes seems to grow stronger.
Unknown command.
Unknown command.
Unknown command.
Casting: Lee's Rapid Deconstruction (safe; 1% risk of failure)
Confirm with . or Enter, or press ? or * to list all spells.
Aiming: Lee's Rapid Deconstruction (safe; 1% risk of failure)
Press: ? - help, Dir - move target A stone wall.
The wall shatters!
The blast of rock fragments hits Agnes!!!
Agnes is severely wounded.
Agnes misses you.
Unknown command.
Casting: Lee's Rapid Deconstruction (safe; 1% risk of failure)
Confirm with . or Enter, or press ? or * to list all spells.
Aiming: Lee's Rapid Deconstruction (safe; 1% risk of failure)
Press: ? - help, Dir - move target A stone wall.
The wall shatters!
The blast of rock fragments hits Agnes!!
Agnes is almost dead.
Agnes hits you with a +0 lajatang! Agnes hits you with a +0 lajatang!!!
Ouch! That really hurt!
You die...

...#.⌠._._._._.⌠.#.['.[)#....##∩#
...'.._._._._._..'..#...#....'..#
...#..._._._._...#..###'##..[##∩#
#'##.._._._._._..#..##∩∩.'...####
...#._._._._._.⌠.################
...###################......###..
####♣♣♣♣♣..♣[###.'..'.......'.)..
..'......♣..♣##.i#..#.P.....#####
..#♣..♣♣♣.♣..###@##'##......#
..#.♣♣.)♣.).♣'...#♣i♣########
#### ############... ♣..♣ ....
♣.... #####


You could see Agnes (strong).

Vanquished Creatures
  A spriggan druid (D)
  6 oklob plants (D)
  3 burning bushes (D)
  A demonic crawler (D)
  A queen bee (D)
  3 wandering mushrooms (D)
  A hornet (D)
  3 scorpions (D)
  4 killer bees (D)
  5 oklob saplings (D)
  5 spriggans (D)
  A river rat (D)
  A rat (D)
  A ballistomycete spore (D)
36 creatures vanquished.

Vanquished Creatures (others)
  A fungus (D)
1 creature vanquished.

Grand Total: 37 creatures vanquished

Notes
Turn   | Place    | Note
-------+----------+-------------------------------------------
     0 | D        | mhtbhm the Deep Elf Earth Elementalist began the quest for
                  | the Orb.
     0 | D        | Reached XP level 1. HP: 10/10 MP: 6/6
    11 | D        | Reached XP level 2. HP: 15/15 MP: 3/8
    70 | D        | Learned a level 2 spell: Passwall
    71 | D        | Noticed an oklob sapling
    73 | D        | Killed an oklob sapling
    74 | D        | Reached skill level 4 in Spellcasting
    74 | D        | Reached XP level 3. HP: 19/19 MP: 7/11
   109 | D        | Noticed a scorpion
   110 | D        | Found the amulet of invisibility {+Inv}
   115 | D        | Killed a scorpion
   116 | D        | Reached skill level 6 in Spellcasting
   116 | D        | Reached XP level 4. HP: 11/24 MP: 5/14
   433 | D        | Found an opulent altar of Gozag.
   433 | D        | Found a hazy altar of Hepliaklqana.
   433 | D        | Found a burning altar of Makhleb.
   433 | D        | Found a sparkling altar of Nemelex Xobeh.
   433 | D        | Found a snail-covered altar of Cheibriados.
   433 | D        | Found a sacrificial altar of Ru.
   433 | D        | Found a shimmering blue altar of Sif Muna.
   433 | D        | Found a shimmering altar of Xom.
   433 | D        | Found a basalt altar of Yredelemnul.
   434 | D        | Found a viscous altar of Jiyva.
   434 | D        | Found a bloodstained altar of Trog.
   434 | D        | Found an ornate altar of the Wu Jian Council.
   435 | D        | Found an iron altar of Okawaru.
   435 | D        | Found a shadowy altar of Dithmenos.
   435 | D        | Found a glowing silver altar of Zin.
   436 | D        | Found an ancient bone altar of Kikubaaqudgha.
   436 | D        | Found a hide-covered altar of Uskayaw.
   437 | D        | Found a stormy altar of Qazlal.
   437 | D        | Found a white marble altar of Elyvilon.
   437 | D        | Found a glowing golden altar of the Shining One.
   438 | D        | Found a corrupted altar of Lugonu.
   438 | D        | Found a radiant altar of Vehumet.
   452 | D        | Reached skill level 7 in Spellcasting
   452 | D        | Reached XP level 5. HP: 13/28 MP: 2/17
   716 | D        | Learned a level 3 spell: Stone Arrow
   722 | D        | Learned a level 5 spell: Lee's Rapid Deconstruction
   727 | D        | Learned a level 4 spell: Petrify
   735 | D        | Became a worshipper of Vehumet
   743 | D        | Reached skill level 8 in Spellcasting
   743 | D        | Reached skill level 1 in Evocations
   897 | D        | Reached * piety under Vehumet
   897 | D        | Offered knowledge of Freeze by Vehumet.
   898 | D        | Reached skill level 9 in Spellcasting
   899 | D        | Reached skill level 10 in Earth Magic
   899 | D        | Reached XP level 6. HP: 32/32 MP: 6/20
   913 | D        | Found Roun Uli's Antique Weapon Shop.
   913 | D        | Found Pyemen's Jewellery Emporium.
  1085 | D        | Noticed a burning bush
  1085 | D        | Noticed a wandering mushroom
  1087 | D        | Killed a wandering mushroom
  1087 | D        | Offered knowledge of Static Discharge by Vehumet.
  1088 | D        | Reached skill level 11 in Spellcasting
  1093 | D        | Reached ** piety under Vehumet
  1094 | D        | Reached XP level 7. HP: 17/36 MP: 2/24
  1504 | D        | Noticed a wandering mushroom
  1506 | D        | Killed a wandering mushroom
  1507 | D        | Reached skill level 12 in Spellcasting
  1568 | D        | Killed a burning bush
  1568 | D        | Offered knowledge of Conjure Flame by Vehumet.
  1569 | D        | Reached skill level 13 in Spellcasting
  1569 | D        | Reached XP level 8. HP: 26/41 MP: 3/27
  1585 | D        | Found Fohesile's Armour Emporium.
  1585 | D        | Found Mabriejo's Book Shoppe.
  1756 | D        | Noticed a queen bee
  1758 | D        | Reached *** piety under Vehumet
  1758 | D        | Offered knowledge of Inner Flame by Vehumet.
  1759 | D        | Reached skill level 14 in Spellcasting
  1759 | D        | Reached skill level 5 in Evocations
  1760 | D        | Killed a queen bee
  1760 | D        | Reached **** piety under Vehumet
  1855 | D        | Noticed an oklob plant
  1860 | D        | Killed an oklob plant
  1861 | D        | Reached skill level 15 in Spellcasting
  2091 | D        | Noticed a burning bush
  2093 | D        | Killed a burning bush
  2093 | D        | Offered knowledge of Airstrike by Vehumet.
  2094 | D        | Reached skill level 16 in Spellcasting
  2094 | D        | Reached XP level 9. HP: 39/45 MP: 20/31
  2103 | D        | Identified the +6 lajatang "Gram" {vamp, rC- Str-4 Dex+9
                  | Stlth+}
  2157 | D        | Noticed a burning bush
  2157 | D        | Noticed an oklob plant
  2163 | D        | Killed a burning bush
  2164 | D        | Reached skill level 5 in Dodging
  2164 | D        | Reached skill level 15 in Earth Magic
  2403 | D        | Noticed a wandering mushroom
  2405 | D        | Killed a wandering mushroom
  2407 | D        | Killed an oklob plant
  2407 | D        | Reached ***** piety under Vehumet
  2407 | D        | Offered knowledge of Bolt of Magma by Vehumet.
  2408 | D        | Reached skill level 17 in Spellcasting
  2418 | D        | Identified the ring of Jigati {*Corrode rElec rN++ EV+4
                  | Int+2}
  2528 | D        | Learned a level 5 spell: Bolt of Magma
  2533 | D        | Noticed a spriggan druid
  2535 | D        | Killed a spriggan druid
  2667 | D        | Noticed an oklob plant conjurer
  2669 | D        | Killed an oklob plant conjurer
  2670 | D        | Reached skill level 18 in Spellcasting
  2750 | D        | Noticed an oklob plant
  2750 | D        | Noticed an oklob plant summoner
  2753 | D        | Killed an oklob plant
  2754 | D        | Reached XP level 10. HP: 50/50 MP: 22/34
  2755 | D        | Killed an oklob plant summoner
  2756 | D        | Noticed an oklob plant shifter
  2850 | D        | Killed an oklob plant shifter
  3001 | D        | Reached skill level 1 in Short Blades
  3001 | D        | Reached skill level 19 in Spellcasting
  3092 | D        | Noticed a spriggan rider
  3094 | D        | Offered knowledge of Eringya's Noxious Bog by Vehumet.
  3098 | D        | Killed a spriggan rider
  3438 | D        | Found Teosexku's General Store.
  3442 | D        | Found Kuafi's Weapon Shoppe.
  3467 | D        | Learned a level 6 spell: Eringya's Noxious Bog
  3497 | D        | Noticed Agnes
  3506 | D        | Mangled by Agnes

Illustrated notes

Levels and vault maps discovered:
D:        dungeon_sprint_fedhas [sprint_temple]

Skill      XL: |  1  2  3  4  5  6  7  8  9 10 |
---------------+-------------------------------+-----
Earth Magic    | 4 6 7 8 10 12 13 14 16 17 | 17.5
Dodging        | 3 4 5 |  5.5
Stealth        | 3 4 |  4.8
Spellcasting   | 4 6 7 9 11 13 16 18 19 | 19.7
Evocations     | 2 4 6 7 8 |  8.1
Transmutations | 2 |  2.4
Short Blades   | 1 |  1.0
Fighting       | |  0.4

Action                   |  1- 3 |  4- 6 |  7- 9 | 10-12 || total
-------------------------+-------+-------+-------+-------++-------
Melee: Short sword       |       |       |     1 |       ||     1
 Cast: Sandblast         |    12 |    12 |       |       ||    24
       Lee's Rapid Decon |       |     8 |    37 |    18 ||    63
       Petrify           |       |       |     1 |     1 ||     2
 Abil: Evoke Invisibilit |       |     3 |     8 |     1 ||    12
  Use: Potion            |       |       |       |     1 ||     1
Armor: Robe              |       |       |       |     1 ||     1
Dodge: Dodged            |     3 |       |     3 |     8 ||    14

Table legend: (Time is in decaauts)
 A = Elapsed time spent in this place.
 B = Non-inter-level travel time spent in this place.
 C = Inter-level travel time spent in this place.
 D = Time resting spent in this place.
 E = Time spent auto-exploring this place.
 F = Levels seen in this place.
 G = Mean time per level.
                   A        B        C        D        E       F      G
               +--------+--------+--------+--------+--------+-----+--------+
         Total |   3503 |   3503 |      0 |   2990 |      0 |   1 | 3503.0 |
       Dungeon |   3503 |   3503 |      0 |   2990 |      0 |   1 | 3503.0 |
               +--------+--------+--------+--------+--------+-----+--------+

Top non-repeatable levels by time:
       D: 3503 daAuts
